 Dungeon Crawl Stone Soup version 0.28.0-47-ge53b351184 (webtiles) character file.

Game seed: 9468729588266598497

64 styxcanada the Sneak (level 3, -1/18 HPs)
             Began as a Spriggan Brigand on May 1, 2022.
             Killed from afar by an orc wizard (8 damage)
             ... with a puff of flame
             ... on level 3 of the Dungeon.
             The game lasted 00:06:06 (2038 turns).

styxcanada the Sneak (Spriggan Brigand)             Turns: 2038, Time: 00:06:07

Health: -1/18      AC:  4    Str:  7    XL:     3   Next: 91%
Magic:  4/4        EV: 21    Int: 12    God:
Gold:   43         SH:  0    Dex: 18    Spells: 2/2 levels left

rFire   . . .      SeeInvis +   a - +2 dagger
rCold   . . .      Faith    .   (no shield)
rNeg    . . .      Spirit   .   b - +0 robe
rPois   .          Reflect  .   (helmet restricted)
rElec   .          Harm     .   c - +1 cloak
rCorr   .          Rampage  .   (gloves unavailable)
Will    .....                   (boots unavailable)
Stlth   ++++......              (no amulet)
HPRegen 0.06/turn               h - +4 ring of evasion
MPRegen 0.09/turn               (no ring)

@: very quick
A: very small, no large weapons, unfitting armour, see invisible, speed 3
a: no special abilities


You were on level 3 of the Dungeon.
You visited 1 branch of the dungeon, and saw 3 of its levels.

You collected 43 gold pieces.

Inventory:

Hand Weapons
 a - a +2 dagger (weapon)
Missiles
 d - 7 poisoned darts (quivered)
 e - 2 curare-tipped darts
 i - 5 boomerangs
 m - 82 stones
Armour
 b - a +0 robe (worn)
 c - a +1 cloak (worn)
Jewellery
 h - a +4 ring of evasion (left hand)
Potions
 f - 2 potions of haste {unknown}
 j - 2 potions of degeneration {unknown}
 k - 2 potions of curing {unknown}
 l - a potion of resistance {unknown}
 n - a potion of invisibility {unknown}


   Skills:
 * Level 1.9 Fighting
 + Level 2.6 Short Blades
 + Level 2.1 Throwing
 * Level 2.2 Dodging
 * Level 7.4 Stealth


You had 2 spell levels left.
You didn't know any spells.
Your spell library was empty.

Dungeon Overview and Level Annotations

Branches:
Dungeon (3/15)

Altars:


Innate Abilities, Weirdness & Mutations

You are very small and have problems with some larger weapons.
You are too small for most types of armour.
You have supernaturally acute eyesight. (SInv)
You cover ground extremely quickly. (Speed+++)


Message History

a +0 dagger; a goblin skeleton
d - 4 poisoned darts (gained 1)
You see here a +0 dagger.
d - 5 poisoned darts (gained 1)
d - 6 poisoned darts (gained 1)
You now have 43 gold pieces (gained 7).
d - 7 poisoned darts (gained 1)
You see here a +0 dagger.
Done exploring.
(D) Dungeon
Where to? (Enter - D:2, ? - help)
What level of the Dungeon? (default 1, ? - help)
Things that are here:
a +0 club; a goblin skeleton You see here a +0 club.
Things that are here:
a +0 club; a +0 hunting sling
There is a stone staircase leading down here.
You climb downwards.
There is a stone staircase leading up here.
A quokka comes into view.
An orc wizard comes into view. It is wielding a +0 dagger.
An orc wizard and an orc come into view.
The helpless quokka fails to defend itself.
You perforate the quokka like a sieve!!!
You kill the quokka!
An orc comes into view. It is wielding a +0 trident.
The orc wizard points at you and mumbles some strange words.
You resist with some effort.
The orc wizard shouts!
You hit the orc wizard but do no damage.
Your punch misses the orc wizard.
The orc shouts! x2
The orc wizard casts a spell at you. The puff of flame hits you!
Ouch! That really hurt!
The orc wizard closely misses you.
The orc wizard gestures at you while chanting.
The puff of flame hits you!
You die...

#.# #.......# #.##
#.......# #.#.#
#........# #.#
.###.#.......#
#.###.#..#....o..#
#........#.......#
##.###.###.oo....#
####<..##.###o#
+.......@...o†#
####...##.###.#
##.###.# #.# #..
..# #.# #.#####
#.. #.# ### #.#


You could see 2 orc wizards.

Vanquished Creatures
  Robin (D:2)
  2 dart slugs
  4 ball pythons
  6 bats
  2 endoplasms
  13 goblins
  6 hobgoblins
  2 quokkas
  2 frilled lizards
  3 kobolds
  7 rats
48 creatures vanquished.

Notes
Turn   | Place    | Note
-------+----------+-------------------------------------------
     0 | D:1      | styxcanada the Spriggan Brigand began the quest for the
                  | Orb.
     0 | D:1      | Reached XP level 1. HP: 10/10 MP: 2/2
    98 | D:1      | Reached skill level 6 in Stealth
   449 | D:1      | Reached XP level 2. HP: 14/14 MP: 3/3
   511 | D:1      | Found a faded altar of an unknown god.
  1308 | D:2      | Reached XP level 3. HP: 18/18 MP: 4/4
  1355 | D:2      | Noticed a phantom
  1358 | D:2      | Noticed Robin
  1494 | D:2      | Reached skill level 7 in Stealth
  1751 | D:2      | Killed Robin
  2038 | D:3      | Killed from afar by an orc wizard

Illustrated notes

Levels and vault maps discovered:
D:1:      kilobyte_arrival_exit_the_forest, layout_basic,
          dreamdust_ecumenical_altar_angels_and_demons
D:2:      layout_basic, uniq_robin
D:3:      layout_loops_corners, lemuel_crystal_altar, kiku_gazebo_pond_becter,
          mainiacjoe_overflow_catch_the_wave, minmay_misc_feat_secret_circle,
          chequers_mini_garden

Skill      XL: |  1  2  3 |
---------------+----------+-----
Stealth        | 6 7 |  7.4
Dodging        | 2 |  2.2
Fighting       | |  1.9
Short Blades   | |  2.6
Throwing       | |  2.1

Action                   || total
-------------------------++-------
Melee: Dagger            ||   117
Throw: Dart              ||    10
  Use: Scroll            ||     2
 Stab: Sleeping          ||    13
       Distracted        ||     1
Armor: Robe              ||     5
Dodge: Dodged            ||    72
